 Dungeon Crawl Stone Soup version 0.18.1-8-gdd0e5ea (webtiles) character file.

72 tyvek the Skirmisher (level 4, -9/41 HPs)
             Began as a Minotaur Fighter on May 24, 2016.
             Killed from afar by an orc wizard (10 damage)
             ... with a puff of flame
             ... on level 3 of the Dungeon.
             The game lasted 00:01:54 (1920 turns).

tyvek the Skirmisher (Minotaur Fighter)             Turns: 1920, Time: 00:01:54

Health: -9/41      AC:  9    Str: 26    XL:     4   Next: 6%
Magic:  3/3        EV:  6    Int:  5    God:
Gold:   149        SH:  0    Dex: 10    Spells: 0 memorised, 3 levels left

rFire  x . .     SeeInvis .     a - +0 war axe
rCold  + . .     Gourm    +     i - +0 chain mail
rNeg   . . .     Faith    .     c - +0 shield
rPois  .         Spirit   .     (helmet restricted)
rElec  .         Dismiss  .     (no cloak)
rCorr  .         Reflect  .     (no gloves)
SustAt .         Harm     .     (no boots)
MR     .....                    g - amulet of the gourmand {Gourm, !d}
Stlth  ..........               (no ring)
                                h - ring of ice {rC+, rF-}

@: confused, mighty, lethally poisoned (-9 -> -13), not resistant to hostile
enchantments, extremely unstealthy
A: retaliatory headbutt, horns 2
a: no special abilities


You were on level 3 of the Dungeon.
You were not hungry.

You visited 1 branch of the dungeon, and saw 3 of its levels.

You collected 149 gold pieces.

Inventory:

Hand Weapons
 a - a +0 war axe (weapon)
 n - a +2 dagger of holy wrath
   (You took it off a kobold on level 1 of the Dungeon)
Armour
 c - a +0 shield (worn)
 i - a +0 chain mail (worn)
   (You found it on level 2 of the Dungeon)
Jewellery
 g - an amulet of the gourmand (around neck) {Gourm, !d}
   (You found it on level 1 of the Dungeon)
 h - a ring of ice (left hand) {rC+, rF-}
   (You found it on level 1 of the Dungeon)
Scrolls
 e - a scroll of enchant armour {unknown}
 j - a scroll of remove curse {unknown}
 k - a scroll of immolation {unknown}
 l - 2 scrolls of teleportation {unknown}
 m - a scroll of enchant weapon {unknown}
 o - 2 scrolls of identify {unknown}
Potions
 p - a potion of agility {unknown}
 r - a potion of magic {unknown}
Comestibles
 b - a royal jelly
 f - 2 bread rations {@e1}


   Skills:
 + Level 4.4 Fighting
 * Level 3.7 Axes
 + Level 4.1 Armour
 + Level 4.1 Shields


You had 3 spell levels left.
You didn't know any spells.

Dungeon Overview and Level Annotations

Branches:
Dungeon (3/15)

Altars:
Nemelex Xobeh


Innate Abilities, Weirdness & Mutations

You reflexively headbutt those who attack you in melee.
You have a pair of horns on your head.


Message History

The kobold shoots a poisoned needle.
The poisoned needle hits you!
You are more poisoned.
You take 1 damage, and have 32/34 hp.
Your shield and chain mail prevent you from hitting something.
You slash something!
You feel sick.
You hear some strange, mumbled words.
A magic dart appears from out of thin air!
The magic dart hits you!
You take 8 damage, and have 24/34 hp.
MASSIVE DAMAGE!!
You slice the orc!!
You kill the orc!
You closely miss something. You hit the orc.
You feel sick. The orc barely misses you.
Something hits you but does no damage.
The kobold shoots a poisoned needle.
The poisoned needle hits you!
You are more poisoned.
You block the orc's attack.
Something hits you but does no damage. x2
You take 1 damage, and have 23/34 hp.
You feel sick.
Something hits you but does no damage. x2
The kobold unwields an uncursed blowgun.
The kobold hits you but does no damage.
You take 2 damage, and have 21/34 hp.
You hit the orc. You hit the kobold. You barely miss something.
You hit the orc.
You kill the orc!
You have reached level 4!
You feel agile.
Your shield and chain mail prevent you from hitting something.
You feel sick. The orc hits you but does no damage.
You hear some strange, mumbled words.
Something tries to affect you, but you resist.
Something hits you but does no damage. The kobold hits you but does no damage.
The orc hits you but does no damage.
You regained 3 hp, and now have 24/41 hp.
MP restored: 3 You completely miss the orc.
You headbutt the orc.
Your chain mail prevents you from hitting the kobold.
You miss something. You closely miss something.
You feel sick. Something hits you.
You hear some strange, mumbled words.
A magic dart appears from out of thin air!
The magic dart hits you! The kobold hits you but does no damage.
The orc closely misses you.
You take 5 damage, and have 19/41 hp.
You slash the orc!
You kill the orc!
You barely miss something. You miss something. You closely miss the kobold.
You feel sick. Something hits you but does no damage. Something hits you.
You block the kobold's attack. Something hits you.
* * * LOW HITPOINT WARNING * * *
Something hits you but does no damage.
You take 7 damage, and have 12/41 hp.
You closely miss something. x2; You hit the kobold but do no damage.
* * * LOW HITPOINT WARNING * * *
You feel sick. The kobold hits you.
* * * LOW HITPOINT WARNING * * *
Something hits you.
* * * LOW HITPOINT WARNING * * *
You hear some strange, mumbled words.
A puff of flame appears from out of thin air!
The puff of flame hits you! The kobold hits you but does no damage.
You take 5 damage, and have 7/41 hp.
You closely miss something. You headbutt something.
Your shield and chain mail prevent you from hitting the kobold.
You miss something.
* * * LOW HITPOINT WARNING * * *
You feel sick.
Something hits you but does no damage. x2
The kobold hits you but does no damage.
Drink which item? (? for menu, Esc to quit)
You feel very mighty all of a sudden.
* * * LOW HITPOINT WARNING * * *
You feel sick. Something hits you.
* * * LOW HITPOINT WARNING * * *
Something hits you but does no damage. The kobold barely misses you.
You furiously retaliate!
You headbutt the kobold.
You kill the kobold!
You take 2 damage, and have 5/41 hp.
You closely miss something. x2
* * * LOW HITPOINT WARNING * * *
You feel sick.
You hear some strange, mumbled words.
You are confused.
Something hits you but does no damage. x3
You take 1 damage, and have 4/41 hp.
Something hits you but does no damage.
Things that are here:
an uncursed blowgun; 2 poisoned needles You miss something.
You completely miss something.
* * * LOW HITPOINT WARNING * * *
You feel sick.
Something hits you but does no damage. x2
You take 1 damage, and have 3/41 hp.
You completely miss something. You headbutt something!
You closely miss something.
* * * LOW HITPOINT WARNING * * *
You feel sick. Something hits you.
* * * LOW HITPOINT WARNING * * *
You hear some strange, mumbled words.
A puff of flame appears from out of thin air!
The puff of flame hits you! The fire burns you terribly!
You die...

$..#........ ..
...#.#..... ...
..........#....
..........#....
................ .
................
### #..............
#.. #)@.[.......#
###..
#.{.........###....
#.)...........#....
#.....#............
#?....#...# #....
####...##...# #....
#............#
#....
#............#
#....
#.........####
#....


There were no monsters in sight!

Vanquished Creatures
  2 adders (D:2)
  A dart slug (D:1)
  4 orcs (D:3)
  8 bats
  A giant cockroach (D:1)
  2 goblins (D:1)
  7 hobgoblins
  8 kobolds
  A quokka (D:2)
  7 giant newts
  6 rats
47 creatures vanquished.

Notes
Turn   | Place    | Note
--------------------------------------------------------------
     0 | D:1      | tyvek the Minotaur Fighter began the quest for the Orb.
     0 | D:1      | Reached XP level 1. HP: 19/19 MP: 0/0
   225 | D:1      | Reached skill level 4 in Fighting
   225 | D:1      | Reached XP level 2. HP: 22/27 MP: 1/1
   357 | D:1      | Reached skill level 3 in Axes
   889 | D:2      | Reached skill level 4 in Armour
   991 | D:2      | Reached XP level 3. HP: 32/33 MP: 2/2
  1115 | D:2      | Found a sparkling altar of Nemelex Xobeh.
  1884 | D:3      | Reached skill level 4 in Shields
  1911 | D:3      | Reached XP level 4. HP: 26/41 MP: 3/3
  1914 | D:3      | HP: 10/41 [poisoned by a kobold]
  1917 | D:3      | HP: 4/41 [poisoned by a kobold]
  1920 | D:3      | HP: 1/41 [something (1)]
  1920 | D:3      | Killed from afar by an orc wizard

Skill      XL: |  1  2  3 |
---------------+----------+-----
Fighting       | 4 |  4.4
Axes           | 3 |  3.7
Armour         | 4 |  4.1
Shields        | 4 |  4.1

Action                   |  1- 3 |  4- 6 || total
-------------------------+-------+-------++-------
Melee: War axe           |   111 |     7 ||   118
       Headbutt          |    15 |     3 ||    18
  Use: Potion            |       |     1 ||     1
  Eat: Meat ration       |     1 |       ||     1
       Chunk             |     1 |       ||     1
Armor: Scale mail        |    33 |       ||    33
       Chain mail        |    20 |    16 ||    36
Dodge: Dodged            |    32 |     2 ||    34
Block: Shield            |    58 |     1 ||    59

Vault maps used:
D:1:      sevenhm_arrival_forest_fort_small_5, serial_bayou_pond_d
D:2:      nemelex_lonely_heart_becter
D:3:      first_bread, amalloy_card_club

Table legend:
 A = Turns spent in this place as a percentage of turns spent in the entire game.
 B = Non-inter-level travel turns spent in this place as a percentage of non-inter-level travel turns spent in the entire game.
 C = Inter-level travel turns spent in this place as a percentage of turns spent in this place.
 D = Turns resting spent in this place as a percentage of non-inter-level travel turns spent in this place.
 E = Turns spent auto-exploring this place as a percentage of non-inter-level travel turns spent in this place.
 F = Non-inter-level travel turns spent in this place divided by the number of levels of this place that you've seen.
                   A       B       C       D       E      F
               +-------+-------+-------+-------+-------+----------------------
         Total | 100.0 | 100.0 |   0.4 |   0.6 |  16.0 | 162.3
       Dungeon | 100.0 | 100.0 |   0.4 |   0.6 |  16.0 | 162.3
               +-------+-------+-------+-------+-------+----------------------

Table legend:
 A = Kills in this place as a percentage of kills in entire the game.
 B = Kills by you in this place as a percentage of kills by you in the entire game.
 C = Kills by friends in this place as a percentage of kills by friends in the entire game.
 D = Other kills in this place as a percentage of other kills in the entire game.
 E = Experience gained in this place as a percentage of experience gained in the entire game.
 F = Experience gained in this place divided by the number of levels of this place that you have seen.
                   A       B       C       D       E      F
               +-------+-------+-------+-------+-------+----------------------
         Total | 100.0 | 100.0 |  -nan |  -nan | 100.0 |  34.3
       Dungeon | 100.0 | 100.0 |  -nan |  -nan | 100.0 |  34.3
               +-------+-------+-------+-------+-------+----------------------
